TOP OF THE 1ST |
Houston Marshals batting - Pitching for Kansas City Kings : LHP Francisco Morales
|
Pitching: LHP Francisco Morales
|
|
Batting: RHB Alberto Velásquez
|
0-0: Ball 1-0: Ball 2-0: Bunted foul 2-1: Foul Ball, location: 2F 2-2: Fly out, F9 (Line Drive, 89S)
|
Batting: SHB Ramón Lugo
|
0-0: Ball 1-0: Foul Ball, location: 2F 1-1: Foul Ball, location: 2F 1-2: Ball 2-2: Fly out, F8 (Flyball, 8LS)
|
Batting: RHB Chris Parker
|
0-0: Ball 1-0: Ball 2-0: Foul Ball, location: 2F 2-1: Fly out, F6 (Popup, 6D)
|
Top of the 1st over - 0 run(s), 0 hit(s), 0 error(s), 0 left on base; Houston 0 - Kansas City 0 |
BOTTOM OF THE 1ST |
Kansas City Kings batting - Pitching for Houston Marshals : LHP Stan Aldridge
|
Pitching: LHP Stan Aldridge
|
|
Batting: RHB Chris Chandler
|
0-0: Ball 1-0: Ball 2-0: Ball 3-0: Called Strike 3-1: Ground out 5-3 (Groundball, 5)
|
Batting: RHB Toshimichi Kono
|
0-0: Foul Ball, location: 2F 0-1: SINGLE (Groundball, 56D)
|
Batting: RHB Dave Parker
|
0-0: Ball 1-0: Ball 2-0: Called Strike 2-1: Foul Ball, location: 2F 2-2: Ball 3-2: SINGLE (Flyball, 7S) Toshimichi Kono to second
|
Batting: LHB Stan Hickman
|
0-0: Ball 1-0: Foul Ball, location: 2F 1-1: Grounds out, U3 (Groundball, 3L) Toshimichi Kono to third
|
Batting: SHB Douglas Taylor
|
0-0: 3-RUN HOME RUN (Flyball, 7D), Distance : 373 ft
|
Batting: SHB José Cruz
|
0-0: Ball 1-0: Foul Ball, location: 2F 1-1: Fly out, F8 (Flyball, 78XD)
|
Bottom of the 1st over - 3 run(s), 3 hit(s), 0 error(s), 0 left on base; Houston 0 - Kansas City 3 |
TOP OF THE 2ND |
Houston Marshals batting - Pitching for Kansas City Kings : LHP Francisco Morales
|
Batting: LHB José Rodríguez
|
0-0: Swinging Strike 0-1: Swinging Strike 0-2: Ball 1-2: Ball 2-2: Strikes out swinging
|
Batting: LHB Lewis Barr
|
0-0: Swinging Strike 0-1: Foul Ball, location: 2F 0-2: Ball 1-2: Ball 2-2: Strikes out looking
|
Batting: LHB John Peterson
|
0-0: Foul Ball, location: 2F 0-1: Swinging Strike 0-2: Foul Ball, location: 2F 0-2: Strikes out looking
|
Top of the 2nd over - 0 run(s), 0 hit(s), 0 error(s), 0 left on base; Houston 0 - Kansas City 3 |
BOTTOM OF THE 2ND |
Kansas City Kings batting - Pitching for Houston Marshals : LHP Stan Aldridge
|
Batting: SHB António De La Cruz
|
0-0: Ball 1-0: Ball 2-0: Ball 3-0: SINGLE (Groundball, 56D)
|
Batting: RHB Oliver Lugo
|
Pickoff Throw to First - Out! 0-0: Ball 1-0: Called Strike 1-1: Ground out 4-3 (Groundball, 4MS)
|
Batting: LHB Luis González
|
0-0: Foul Ball, location: 2F 0-1: Ball 1-1: Ball 2-1: Foul Ball, location: 2F 2-2: SINGLE (Groundball, 34D)
|
Batting: RHB Chris Chandler
|
0-0: Ball 1-0: Ball 2-0: Ball Luis González steals 2nd base 3-0: Called Strike 3-1: DOUBLE (Line Drive, 7LD) Luis González scores
|
Batting: RHB Toshimichi Kono
|
0-0: Ball 1-0: Foul Ball, location: 2F 1-1: Foul Ball, location: 2F 1-2: Foul Ball, location: 2F 1-2: Foul Ball, location: 2F 1-2: Ball 2-2: Fly out, F8 (Flyball, 89D)
|
Bottom of the 2nd over - 1 run(s), 3 hit(s), 0 error(s), 1 left on base; Houston 0 - Kansas City 4 |
TOP OF THE 3RD |
Houston Marshals batting - Pitching for Kansas City Kings : LHP Francisco Morales
|
Batting: LHB Kent MacDulothe
|
0-0: Ball 1-0: Called Strike 1-1: Ball 2-1: Ball 3-1: SINGLE (Line Drive, 7LS)
|
Batting: RHB Gregg Nelson
|
0-0: Ball 1-0: Ball 2-0: Fly out, F1 (Line Drive, 15)
|
Batting: SHB Juan Gómez
|
0-0: Foul Ball, location: 2F 0-1: Ball 1-1: Swinging Strike 1-2: Ball 2-2: Ball 3-2: Ground out 4-3 (Groundball, 4S) Kent MacDulothe to second
|
Batting: RHB Alberto Velásquez
|
0-0: Ball 1-0: Foul Ball, location: 2F 1-1: Ball 2-1: Foul Ball, location: 2F 2-2: Strikes out looking
|
Top of the 3rd over - 0 run(s), 1 hit(s), 0 error(s), 1 left on base; Houston 0 - Kansas City 4 |
BOTTOM OF THE 3RD |
Kansas City Kings batting - Pitching for Houston Marshals : LHP Stan Aldridge
|
Batting: RHB Dave Parker
|
0-0: Foul Ball, location: 2F 0-1: Ball 1-1: Swinging Strike 1-2: Ball 2-2: Ground out 6-3 (Groundball, 6)
|
Batting: LHB Stan Hickman
|
0-0: Foul Ball, location: 2F 0-1: Ball 1-1: Swinging Strike 1-2: Strikes out swinging
|
Batting: SHB Douglas Taylor
|
0-0: Called Strike 0-1: Ball 1-1: Hit by Pitch
|
Batting: SHB José Cruz
|
0-0: Called Strike 0-1: Ball 1-1: Ground out 5-3 (Groundball, 56S)
|
Bottom of the 3rd over - 0 run(s), 0 hit(s), 0 error(s), 1 left on base; Houston 0 - Kansas City 4 |
TOP OF THE 4TH |
Houston Marshals batting - Pitching for Kansas City Kings : LHP Francisco Morales
|
Batting: SHB Ramón Lugo
|
0-0: Ball 1-0: Called Strike 1-1: Called Strike 1-2: Foul Ball, location: 2F 1-2: Ball 2-2: Foul Ball, location: 2F 2-2: Ball 3-2: SINGLE (Line Drive, 9S)
|
Batting: RHB Chris Parker
|
0-0: SINGLE (Groundball, 56D) Ramón Lugo to second
|
Batting: LHB José Rodríguez
|
0-0: Ball 1-0: Foul Ball, location: 2F 1-1: Ball 2-1: SINGLE (Groundball, 56D) Ramón Lugo to third Chris Parker to second Runner from 3rd tries for Home, SAFE, throw made home Chris Parker to third José Rodríguez to second
|
Batting: LHB Lewis Barr
|
0-0: Ball 1-0: Ball 2-0: Fly out, F4 (Popup, 4MD)
|
Batting: LHB John Peterson
|
0-0: Ball 1-0: 3-RUN HOME RUN (Flyball, 9LD), Distance : 359 ft
|
Batting: LHB Kent MacDulothe
|
0-0: Fly out, F8 (Line Drive, 8LM)
|
Batting: RHB Gregg Nelson
|
0-0: SINGLE (Line Drive, 78M)
|
Batting: SHB Juan Gómez
|
0-0: Ball 1-0: Ball 2-0: Foul Ball, location: 2F 2-1: Foul Ball, location: 2F 2-2: Strikes out swinging
|
Top of the 4th over - 4 run(s), 5 hit(s), 0 error(s), 1 left on base; Houston 4 - Kansas City 4 |
BOTTOM OF THE 4TH |
Kansas City Kings batting - Pitching for Houston Marshals : LHP Stan Aldridge
|
Batting: SHB António De La Cruz
|
0-0: Ball 1-0: Foul Ball, location: 2F 1-1: Ball 2-1: DOUBLE (Line Drive, 8LD)
|
Batting: RHB Oliver Lugo
|
0-0: Ball 1-0: SINGLE (Groundball, 4S) (infield hit) António De La Cruz to third
|
Batting: LHB Luis González
|
0-0: Ball 1-0: SINGLE (Groundball, 5D) António De La Cruz scores Oliver Lugo to second
|
Pitching: RHP Enrique Valdés
|
|
Batting: RHB Chris Chandler
|
0-0: Swinging Strike 0-1: Swinging Strike 0-2: Foul Ball, location: 2F 0-2: SINGLE (Groundball, 56D) Oliver Lugo to third Luis González to second
|
Batting: RHB Toshimichi Kono
|
0-0: Ball 1-0: Ball 2-0: Called Strike 2-1: Foul Ball, location: 2F 2-2: Strikes out swinging
|
Batting: RHB Dave Parker
|
0-0: Foul Ball, location: 2F 0-1: GRAND SLAM HOME RUN (Flyball, 78XD), Distance : 376 ft
|
Batting: LHB Stan Hickman
|
0-0: Ball 1-0: Ball 2-0: Ball 3-0: Called Strike 3-1: Swinging Strike 3-2: Foul Ball, location: 2F 3-2: Foul Ball, location: 2F 3-2: Base on Balls
|
Batting: SHB Douglas Taylor
|
0-0: Called Strike 0-1: Ball 1-1: Swinging Strike 1-2: Ball 2-2: Foul Ball, location: 2F 2-2: SINGLE (Flyball, 89S) Stan Hickman to second Runner from 2nd tries for 3rd, SAFE, no throw
|
Batting: SHB José Cruz
|
0-0: Called Strike 0-1: Ball 1-1: Ball 2-1: Called Strike 2-2: Ball 3-2: Base on Balls Douglas Taylor to second
|
Batting: SHB António De La Cruz
|
0-0: Ball 1-0: Ball 2-0: Called Strike 2-1: Foul Ball, location: 2F 2-2: Foul Ball, location: 2F 2-2: Foul Ball, location: 2F 2-2: Fly out, F8 (Flyball, 8LM) Runner from 3rd tags up, SCORES, throw made
|
Batting: RHB Oliver Lugo
|
0-0: Called Strike 0-1: Ball 1-1: Foul Ball, location: 2F 1-2: DOUBLE (Line Drive, 7D) Douglas Taylor scores José Cruz to third Runner from 3rd tries for Home, throw and OUT!
|
Bottom of the 4th over - 7 run(s), 7 hit(s), 0 error(s), 1 left on base; Houston 4 - Kansas City 11 |
TOP OF THE 5TH |
Houston Marshals batting - Pitching for Kansas City Kings : LHP Francisco Morales
|
Batting: RHB Alberto Velásquez
|
0-0: Foul Ball, location: 2F 0-1: Called Strike 0-2: SINGLE (Groundball, 6MD)
|
Batting: SHB Ramón Lugo
|
0-0: Called Strike 0-1: Ball 1-1: Ball 2-1: Foul Ball, location: 2F 2-2: Ball 3-2: Foul Ball, location: 2F 3-2: Strikes out looking
|
Batting: RHB Chris Parker
|
0-0: Ball 1-0: Foul Ball, location: 2F 1-1: Reached on error, E6 (Groundball, 6) Alberto Velásquez to second
|
Batting: LHB José Rodríguez
|
0-0: Ball 1-0: Called Strike 1-1: Called Strike Throwing error on steal attempt, E2 Alberto Velásquez scores Chris Parker to third 1-2: Ball 2-2: DOUBLE (Line Drive, 9LD) Chris Parker scores
|
Pitching: RHP Nariaki Tanaka
|
|
Batting: LHB Lewis Barr
|
0-0: Ball 1-0: SINGLE (Flyball, 6MD) José Rodríguez to third
|
Batting: LHB John Peterson
|
0-0: Hit by Pitch Lewis Barr to second
|
Batting: LHB Kent MacDulothe
|
0-0: SINGLE (Flyball, 56D) José Rodríguez scores Lewis Barr to third John Peterson to second
|
Batting: RHB Gregg Nelson
|
0-0: Fly out, F8 (Line Drive, 8LM) Lined into DP, 8-4 (Line Drive, 8LM)
|
Top of the 5th over - 3 run(s), 4 hit(s), 2 error(s), 2 left on base; Houston 7 - Kansas City 11 |
BOTTOM OF THE 5TH |
Kansas City Kings batting - Pitching for Houston Marshals : RHP Enrique Valdés
|
Pitching: RHP Vinícius Itaquy
|
|
Batting: LHB Luis González
|
0-0: Ball 1-0: Foul Ball, location: 2F 1-1: Ball 2-1: Ground out U3 (Groundball, 3)
|
Batting: RHB Chris Chandler
|
0-0: Ground out 6-3 (Groundball, 6)
|
Batting: RHB Toshimichi Kono
|
0-0: Called Strike 0-1: Ball 1-1: Fly out, F6 (Line Drive, 6M)
|
Bottom of the 5th over - 0 run(s), 0 hit(s), 0 error(s), 0 left on base; Houston 7 - Kansas City 11 |
TOP OF THE 6TH |
Houston Marshals batting - Pitching for Kansas City Kings : RHP Nariaki Tanaka
|
Batting: SHB Juan Gómez
|
0-0: Foul Ball, location: 2F 0-1: Ball 1-1: Called Strike 1-2: Foul Ball, location: 2F 1-2: Foul Ball, location: 2F 1-2: Ball 2-2: Fly out, F7 (Flyball, 78M)
|
Batting: RHB Alberto Velásquez
|
0-0: Ball 1-0: Swinging Strike 1-1: Foul Ball, location: 2F 1-2: Ball 2-2: Foul Ball, location: 2F 2-2: Ball 3-2: Foul Ball, location: 2F 3-2: Strikes out swinging
|
Batting: SHB Ramón Lugo
|
0-0: Called Strike 0-1: Ball 1-1: Ball 2-1: Swinging Strike 2-2: Strikes out looking
|
Top of the 6th over - 0 run(s), 0 hit(s), 0 error(s), 0 left on base; Houston 7 - Kansas City 11 |
BOTTOM OF THE 6TH |
Kansas City Kings batting - Pitching for Houston Marshals : RHP Vinícius Itaquy
|
Batting: RHB Dave Parker
|
0-0: Ball 1-0: Swinging Strike 1-1: SINGLE (Line Drive, 6D)
|
Batting: LHB Stan Hickman
|
0-0: Called Strike 0-1: Ball 1-1: Foul Ball, location: 2F 1-2: Ball 2-2: 2-RUN HOME RUN (Flyball, 89XD), Distance : 393 ft
|
Batting: SHB Douglas Taylor
|
0-0: Ball 1-0: Fly out, F8 (Flyball, 8RXD)
|
Batting: SHB José Cruz
|
0-0: Ball 1-0: Called Strike 1-1: Foul Ball, location: 2F 1-2: Foul Ball, location: 2F 1-2: Strikes out swinging
|
Batting: SHB António De La Cruz
|
0-0: Foul Ball, location: 2F 0-1: Called Strike 0-2: Ball 1-2: Ball 2-2: DOUBLE (Groundball, 3L)
|
Batting: RHB Oliver Lugo
|
0-0: Ball 1-0: Swinging Strike 1-1: Swinging Strike 1-2: Foul Ball, location: 2F 1-2: Strikes out swinging
|
Bottom of the 6th over - 2 run(s), 3 hit(s), 0 error(s), 1 left on base; Houston 7 - Kansas City 13 |
TOP OF THE 7TH |
Houston Marshals batting - Pitching for Kansas City Kings : RHP Nariaki Tanaka
|
Batting: RHB Chris Parker
|
0-0: Swinging Strike 0-1: Foul Ball, location: 2F 0-2: Ball 1-2: Strikes out swinging
|
Batting: LHB José Rodríguez
|
0-0: Foul Ball, location: 2F 0-1: Foul Ball, location: 2F 0-2: Ball 1-2: Ball 2-2: Ground out 3-1 (Groundball, 34S)
|
Batting: LHB Lewis Barr
|
0-0: Called Strike 0-1: Ground out 3-1 (Groundball, 34)
|
Top of the 7th over - 0 run(s), 0 hit(s), 0 error(s), 0 left on base; Houston 7 - Kansas City 13 |
BOTTOM OF THE 7TH |
Kansas City Kings batting - Pitching for Houston Marshals : RHP Vinícius Itaquy
|
Pitching: RHP Álex Rodríguez
|
|
Batting: LHB Luis González
|
0-0: Called Strike 0-1: Ball 1-1: Foul Ball, location: 2F 1-2: Ball 2-2: Foul Ball, location: 2F 2-2: Ground out 4-3 (Groundball, 4)
|
Batting: RHB Chris Chandler
|
0-0: Called Strike 0-1: Ball 1-1: Ball 2-1: Ball 3-1: Base on Balls
|
Batting: RHB Toshimichi Kono
|
0-0: Called Strike 0-1: Ball 1-1: Grounds into double play, 4-6-3 (Groundball, 4)
|
Bottom of the 7th over - 0 run(s), 0 hit(s), 0 error(s), 0 left on base; Houston 7 - Kansas City 13 |
TOP OF THE 8TH |
Houston Marshals batting - Pitching for Kansas City Kings : RHP Nariaki Tanaka
|
Batting: LHB John Peterson
|
0-0: Foul Ball, location: 2F 0-1: Ground out 4-3 (Groundball, 4M)
|
Batting: LHB Kent MacDulothe
|
0-0: Called Strike 0-1: Swinging Strike 0-2: Foul Ball, location: 2F 0-2: Strikes out swinging
|
Batting: RHB Gregg Nelson
|
0-0: Ball 1-0: Called Strike 1-1: Ball 2-1: SINGLE (Groundball, 6MD)
|
Batting: SHB Juan Gómez
|
0-0: Ball 1-0: Fly out, F8 (Flyball, 78D)
|
Top of the 8th over - 0 run(s), 1 hit(s), 0 error(s), 1 left on base; Houston 7 - Kansas City 13 |
BOTTOM OF THE 8TH |
Kansas City Kings batting - Pitching for Houston Marshals : RHP Álex Rodríguez
|
Batting: RHB Dave Parker
|
0-0: Ball 1-0: Ball 2-0: Ball 3-0: Called Strike 3-1: Fly out, F7 (Flyball, 78D)
|
Batting: LHB Stan Hickman
|
0-0: Ball 1-0: Foul Ball, location: 2F 1-1: Fly out, F8 (Flyball, 8RD)
|
Batting: SHB Douglas Taylor
|
0-0: Ball 1-0: Called Strike 1-1: Ball 2-1: Foul Ball, location: 2F 2-2: Ground out 1-3 (Groundball, 13S)
|
Bottom of the 8th over - 0 run(s), 0 hit(s), 0 error(s), 0 left on base; Houston 7 - Kansas City 13 |
TOP OF THE 9TH |
Houston Marshals batting - Pitching for Kansas City Kings : RHP Nariaki Tanaka
|
Batting: RHB Alberto Velásquez
|
0-0: Ball 1-0: Ball 2-0: Called Strike 2-1: Ball 3-1: Called Strike 3-2: Ground out 4-3 (Groundball, 4)
|
Batting: SHB Ramón Lugo
|
0-0: Ball 1-0: Ground out 1-3 (Groundball, 15)
|
Batting: RHB Chris Parker
|
0-0: Called Strike 0-1: Ball 1-1: Ground out 6-3 (Groundball, 6)
|
Top of the 9th over - 0 run(s), 0 hit(s), 0 error(s), 0 left on base; Houston 7 - Kansas City 13 |
|